 Dungeon Crawl Stone Soup version 0.25.0-9-g26727b657a (webtiles) character file.

Game seed: 384085802196858805

11790 grindst0ne the Thaumaturge (level 11, -2/86 HPs)
             Began as a Gnoll Skald on June 16, 2020.
             Was a High Priest of Okawaru.
             Slain by Gastronok (26 damage)
             ... on level 10 of the Dungeon.
             The game lasted 00:33:31 (14641 turns).

grindst0ne the Thaumaturge (Gnoll Skald)           Turns: 14641, Time: 00:33:31

Health: -2/86      AC: 15    Str: 15 (16) XL:     11   Next: 83%
Magic:  0/23       EV: 15    Int: 13 (16) God:    Okawaru [*****.]
Gold:   144        SH:  0    Dex: 20 (22) Spells: 21/26 levels left

rFire    . . .     SeeInvis .   a - +4 broad axe
rCold    . . .     Gourm    .   (no shield)
rNeg     + . .     Faith    .   G - +2 scale mail of Too Many Cooks {*Slow rElec Dex+7}
rPois    +         Spirit   +   e - +2 hat
rElec    +         Reflect  .   q - +2 cloak {rPois}
rCorr    .         Harm     .   (no gloves)
MR       .....                  (no boots)
Stlth    ++........             v - amulet of guardian spirit
HPRegen  0.24/turn              D - ring of positive energy
MPRegen  0.18/turn              (no ring)

@: mighty, infused, slowed, very slow
A: distributed training, fangs 1, strong nose
a: Heroism, Finesse, Renounce Religion


You were on level 10 of the Dungeon.
You worshipped Okawaru.
Okawaru was extremely pleased with you.
You were not hungry.

You visited 3 branches of the dungeon, and saw 12 of its levels.

You collected 432 gold pieces.
You spent 288 gold pieces at shops.

Inventory:

Hand Weapons
 a - a +4 broad axe (weapon)
Missiles
 g - 2 javelins (quivered)
 o - 38 poisoned darts
 r - 6 boomerangs
Armour
 e - a +2 hat (worn)
 q - a +2 cloak of poison resistance (worn)
 G - the +2 scale mail of Too Many Cooks (worn) {*Slow rElec Dex+7}
   (You bought it in a shop on level 4 of the Dungeon)

   It affects your dexterity (+7).
   It insulates you from electricity.
   It may slow you when you take damage.
Jewellery
 u - an uncursed amulet of magic regeneration {unknown}
 v - an amulet of guardian spirit (around neck)
 A - an uncursed amulet of the acrobat {unknown}
 C - an uncursed ring of ice
 D - a ring of positive energy (left hand)
Wands
 j - a wand of random effects (20)
 s - a wand of disintegration (4)
 t - a wand of digging (3)
 E - a wand of flame (15)
 F - a wand of clouds (4)
Scrolls
 b - 2 scrolls of immolation
 c - a scroll of fog
 k - 2 scrolls of fear
 l - 7 scrolls of amnesia
 n - 5 scrolls of remove curse
 z - a scroll of magic mapping
 I - 2 scrolls of enchant weapon {unknown}
Potions
 h - 2 potions of stabbing
 m - a potion of brilliance
 w - a potion of degeneration
 B - a potion of mutation
 H - 2 potions of curing
Comestibles
 d - 24 rations
 x - 3 chunks of flesh


   Skills:
 + Level 8.1 Fighting
 + Level 6.5 Short Blades
 + Level 6.5 Long Blades
 + Level 8.1 Axes
 + Level 6.5 Maces & Flails
 + Level 6.5 Polearms
 + Level 6.5 Staves
 + Level 6.5 Slings
 + Level 6.5 Bows
 + Level 6.5 Crossbows
 + Level 6.5 Throwing
 + Level 7.1 Armour
 + Level 8.1 Dodging
 + Level 6.5 Stealth
 + Level 6.5 Shields
 + Level 6.5 Unarmed Combat
 + Level 8.3 Spellcasting
 + Level 5.4 Conjurations
 + Level 5.4 Hexes
 + Level 7.8 Charms
 + Level 5.4 Summonings
 + Level 5.4 Necromancy
 + Level 5.4 Translocations
 + Level 5.4 Transmutations
 + Level 5.4 Fire Magic
 + Level 5.4 Ice Magic
 + Level 5.4 Air Magic
 + Level 5.4 Earth Magic
 + Level 5.4 Poison Magic
 + Level 7.2 Invocations
 + Level 6.5 Evocations


You had 21 spell levels left.
You knew the following spells:

 Your Spells              Type           Power        Failure   Level  Hunger
a - Infusion              Chrm           ####         1%          1    None
b - Song of Slaying       Chrm           ####....     2%          2    None
c - Shroud of Golubria    Chrm/Tloc      ###...       4%          2    None

Your spell library contained the following spells:

 Spells                   Type           Power        Failure   Level  Hunger
 Ozocubu's Armour         Chrm/Ice       ###.....     9%          3    ##.....
 Spectral Weapon          Hex/Chrm       ###.....     9%          3    ##.....


Dungeon Overview and Level Annotations

Branches:
Dungeon (10/15)            Temple (1/1) D:6            Lair (1/6) D:10
    Orc (0/2) D:10

Altars:
Ashenzari
Cheibriados
Dithmenos
Elyvilon
Fedhas
Gozag
Hepliaklqana
Kikubaaqudgha
Makhleb
Nemelex Xobeh
Okawaru
Qazlal
Ru
Sif Muna
Trog
Uskayaw
Wu Jian
Xom
Zin
The Shining One

Shops:
D:4 [   D:5 *   D:9 =

Annotations:
D:7 1 runed translucent door, Bvern's ghost, novice GnWz
D:8 3 runed translucent doors, exclusion: downstairs, gruber's ghost, novice CeHu
D:10 3 runed translucent doors, Gastronok; Skimidon's ghost, novice MiBe


Innate Abilities, Weirdness & Mutations

Your experience applies equally to all skills.
You have very sharp teeth.
Your uncanny sense of smell can sniff out nearby items.


Message History

You climb upwards.
Welcome back to the Dungeon!
Level annotation: 3 runed translucent doors, Skimidon's ghost, novice MiBe
There is a staircase to the Lair here.
You feel better.
You feel better. Gastronok bites you!
It was a potion of degeneration.
There was something very wrong with that liquid.
You feel weakened.
You feel dopey.
You feel clumsy.
Your song has ended.
Gastronok bites you!
* * * LOW HITPOINT WARNING * * *
Okay, then.
That item cannot be evoked!
Evoke which item? (* to show all) (? for menu, Esc to quit)
Aiming: Cloud Cone
Press: ? - help, Dir - move target cursor, f - Gastronok
Aim: Gastronok, wearing the +3 hat of Pondering {ponderous, MR+ MP+10 Int+5} (moderately wounded, covering ground quickly)
You create a blast of poison gas!
Gastronok is engulfed in poison gas.
Gastronok is poisoned.
Gastronok bites you!!
You die...

.# #)##.........((...(.....# .#
#.#.........[.##...####.#####
.###........###...###..........##
............##.....#######.###...
####....#...#....P..# #.# ####
#.#.###.##.....P.## #.#
####.#.#####§........# #.#
#......[....§§§......## #.#
#.##........§§§w@.....# #.######
#.####.#####§§§.......# #...(...
#.# #.#####§.........# #.######
#.# #......#.......#.# #.......
..# #####.##.......#.####.......
.## #.###.....##............ .#
#.# ##...######......... .#
#.###.(.#######......... .#
#.......................


You could see Gastronok (swift, poisoned).

Vanquished Creatures
  Fannar (Lair:1)
  A death knight (D:10)
  2 two-headed ogres
  An unseen horror (D:6)
  An ugly thing (D:10)
  An elephant (D:10)
  A gargoyle (D:10)
  A troll (D:9)
  Grinder (D:5)
  A slime creature (D:7)
  4 hippogriffs
  A yak (D:10)
  4 hogs (D:8)
  A human (D:8)
  A hungry ghost (D:9)
  Duvessa (D:5)
  3 ice beasts
  A porcupine (Lair:1)
  2 sky beasts
  A black bear (D:9)
  6 orc warriors
  2 phantoms (D:5)
  5 ogres
  5 centaurs
  2 crocodiles (D:10)
  2 big kobolds (D:7)
  7 bullfrogs
  Dowan (D:5)
  16 killer bees
  6 crimson imps
  A centaur zombie (D:9)
  3 howler monkeys
  3 bullfrog zombies
  3 hounds
  Crazy Yiuf (D:5)
  3 centaur skeletons
  2 jellies
  6 orc wizards
  4 bullfrog skeletons
  5 iguanas
  8 worker ants
  A hound skeleton (D:9)
  A howler monkey zombie (D:7)
  8 adders
  2 shadow imps (D:7)
  An ooze (D:4)
  An adder zombie (D:6)
  An adder skeleton (D:5)
  2 worms
  2 dart slugs
  2 leopard geckos
  29 orcs
  2 ball pythons
  3 giant cockroaches
  10 goblins
  9 hobgoblins
  10 jackals
  5 quokkas
  10 bats
  5 frilled lizards
  A jackal skeleton (D:4)
  12 kobolds
  13 rats
251 creatures vanquished.

Vanquished Creatures (others)
  An orc (D:10)
  4 plants (D:8)
5 creatures vanquished.

Grand Total: 256 creatures vanquished

Notes
Turn   | Place    | Note
-------+----------+-------------------------------------------
     0 | D:1      | grindst0ne the Gnoll Skald began the quest for the Orb.
     0 | D:1      | Reached XP level 1. HP: 20/20 MP: 6/6
    38 | D:1      | Reached XP level 2. HP: 23/26 MP: 3/7
   144 | D:1      | Learned a level 2 spell: Song of Slaying
   147 | D:1      | Learned a level 2 spell: Shroud of Golubria
   621 | D:1      | Reached XP level 3. HP: 31/31 MP: 9/9
   655 | D:1      | Reached skill level 5 in Spellcasting
  1137 | D:2      | Reached skill level 1 in Invocations
  1505 | D:2      | Reached skill level 1 in Short Blades
  1505 | D:2      | Reached skill level 1 in Long Blades
  1505 | D:2      | Reached skill level 1 in Maces & Flails
  1505 | D:2      | Reached skill level 1 in Polearms
  1505 | D:2      | Reached skill level 1 in Staves
  1505 | D:2      | Reached skill level 1 in Slings
  1505 | D:2      | Reached skill level 1 in Bows
  1505 | D:2      | Reached skill level 1 in Crossbows
  1505 | D:2      | Reached skill level 1 in Throwing
  1505 | D:2      | Reached skill level 1 in Stealth
  1505 | D:2      | Reached skill level 1 in Shields
  1505 | D:2      | Reached skill level 1 in Unarmed Combat
  1505 | D:2      | Reached skill level 1 in Evocations
  1512 | D:2      | Reached XP level 4. HP: 27/38 MP: 0/11
  1603 | D:2      | Reached skill level 1 in Conjurations
  1603 | D:2      | Reached skill level 1 in Hexes
  1603 | D:2      | Reached skill level 1 in Summonings
  1603 | D:2      | Reached skill level 1 in Necromancy
  1603 | D:2      | Reached skill level 1 in Translocations
  1603 | D:2      | Reached skill level 1 in Transmutations
  1603 | D:2      | Reached skill level 1 in Fire Magic
  1603 | D:2      | Reached skill level 1 in Ice Magic
  1603 | D:2      | Reached skill level 1 in Air Magic
  1603 | D:2      | Reached skill level 1 in Earth Magic
  1603 | D:2      | Reached skill level 1 in Poison Magic
  1820 | D:2      | Found a glowing silver altar of Zin.
  2364 | D:3      | Found an opulent altar of Gozag.
  2366 | D:3      | Found a shattered altar of Ashenzari.
  2430 | D:3      | Reached XP level 5. HP: 43/43 MP: 12/12
  2779 | D:3      | Found a glowing golden altar of the Shining One.
  3621 | D:4      | Found Mykaf's Antique Armour Boutique.
  3662 | D:4      | Noticed an ogre
  3678 | D:4      | Killed an ogre
  3678 | D:4      | Reached XP level 6. HP: 33/50 MP: 1/13
  3946 | D:4      | Reached skill level 5 in Fighting
  3946 | D:4      | Reached skill level 5 in Axes
  3946 | D:4      | Reached skill level 5 in Dodging
  4301 | D:4      | Reached XP level 7. HP: 51/56 MP: 10/15
  4648 | D:5      | Entered Level 5 of the Dungeon
  4696 | D:5      | Noticed Duvessa
  4696 | D:5      | Noticed Dowan
  4713 | D:5      | Killed Duvessa
  4730 | D:5      | Killed Dowan
  5117 | D:5      | Reached XP level 8. HP: 44/63 MP: 4/16
  5614 | D:5      | Noticed Grinder
  5620 | D:5      | Paralysed by Grinder for 3 turns
  5627 | D:5      | Killed Grinder
  5736 | D:5      | You fall into a shaft and drop 3 floors!
  5855 | D:7      | Noticed a hippogriff
  5899 | D:7      | Reached XP level 9. HP: 60/69 MP: 1/18
  6139 | D:6      | Found a bloodstained altar of Trog.
  6194 | D:6      | Found a staircase to the Ecumenical Temple.
  6214 | Temple   | Entered the Ecumenical Temple
  6302 | Temple   | Became a worshipper of Warmaster Okawaru
  6444 | D:6      | Killed an unseen horror
  6444 | D:6      | Reached * piety under Okawaru
  6444 | D:6      | Reached skill level 5 in Armour
  6807 | D:5      | Found Kebeuff's Assorted Antiques.
  7118 | D:5      | Found a runed translucent door.
  7119 | D:5      | Noticed Crazy Yiuf
  7132 | D:5      | Killed Crazy Yiuf
  7696 | D:6      | Reached skill level 5 in Invocations
  7786 | D:6      | Found an ornate altar of the Wu Jian Council.
  8053 | D:7      | Reached XP level 10. HP: 73/77 MP: 3/20
  8257 | D:7      | Reached ** piety under Okawaru
  8823 | D:7      | Found a runed translucent door.
  8824 | D:7      | Noticed Bvern's ghost (novice GnWz)
  8901 | D:7      | Reached skill level 5 in Short Blades
  8901 | D:7      | Reached skill level 5 in Long Blades
  8901 | D:7      | Reached skill level 5 in Maces & Flails
  8901 | D:7      | Reached skill level 5 in Polearms
  8901 | D:7      | Reached skill level 5 in Staves
  8901 | D:7      | Reached skill level 5 in Slings
  8901 | D:7      | Reached skill level 5 in Bows
  8901 | D:7      | Reached skill level 5 in Crossbows
  8901 | D:7      | Reached skill level 5 in Throwing
  8901 | D:7      | Reached skill level 5 in Stealth
  8901 | D:7      | Reached skill level 5 in Shields
  8901 | D:7      | Reached skill level 5 in Unarmed Combat
  8901 | D:7      | Reached skill level 5 in Evocations
  9221 | D:8      | Found a shadowy altar of Dithmenos.
  9802 | D:8      | Found a runed translucent gate.
  9802 | D:8      | Found a runed translucent gate.
  9802 | D:8      | Found a runed translucent gate.
  9803 | D:8      | Noticed gruber's ghost (novice CeHu)
  9804 | D:8      | Noticed a nine-headed hydra
  9804 | D:8      | Noticed a nine-headed hydra
 10226 | D:8      | Reached *** piety under Okawaru
 10566 | D:8      | Noticed a two-headed ogre
 10661 | D:8      | Killed a two-headed ogre
 10849 | D:9      | Noticed a two-headed ogre
 10857 | D:9      | Killed a two-headed ogre
 10857 | D:9      | Reached **** piety under Okawaru
 10857 | D:9      | Reached XP level 11. HP: 81/84 MP: 20/22
 11078 | D:9      | Found Pyfid's Jewellery Shoppe.
 11191 | D:4      | Bought a twisted scale mail for 288 gold pieces
 11201 | D:4      | Identified the +2 scale mail of Too Many Cooks {*Slow rElec
                  | Dex+7} (You bought it in a shop on level 4 of the Dungeon)
 12171 | D:9      | Noticed a catoblepas
 12732 | D:9      | Received a gift from Okawaru
 12752 | D:9      | Reached skill level 5 in Conjurations
 12752 | D:9      | Reached skill level 5 in Hexes
 12752 | D:9      | Reached skill level 5 in Summonings
 12752 | D:9      | Reached skill level 5 in Necromancy
 12752 | D:9      | Reached skill level 5 in Translocations
 12752 | D:9      | Reached skill level 5 in Transmutations
 12752 | D:9      | Reached skill level 5 in Fire Magic
 12752 | D:9      | Reached skill level 5 in Ice Magic
 12752 | D:9      | Reached skill level 5 in Air Magic
 12752 | D:9      | Reached skill level 5 in Earth Magic
 12752 | D:9      | Reached skill level 5 in Poison Magic
 12852 | D:10     | Entered Level 10 of the Dungeon
 12852 | D:10     | Noticed a cyan ugly thing
 12870 | D:10     | Killed a red ugly thing
 12907 | D:10     | Found a staircase to the Orcish Mines.
 13215 | D:10     | Received a gift from Okawaru
 13301 | D:10     | Reached ***** piety under Okawaru
 13579 | D:10     | Found a staircase to the Lair.
 13614 | D:10     | Noticed a death knight
 13648 | D:10     | Killed a death knight
 13947 | D:10     | Found a runed translucent gate.
 13948 | D:10     | Found a runed translucent gate.
 13972 | D:10     | Found a runed translucent gate.
 13973 | D:10     | Noticed Skimidon's ghost (novice MiBe)
 13973 | D:10     | Identified the +4 whip of Nuttibb {chaos, rN+}
 14297 | Lair:1   | Entered Level 1 of the Lair of Beasts
 14465 | Lair:1   | Noticed Gastronok
 14479 | Lair:1   | Noticed Fannar
 14630 | Lair:1   | Killed Fannar
 14641 | D:10     | Slain by Gastronok

Illustrated notes

Levels and vault maps discovered:
D:1:      dpeg_arrival_simpleton_c, layout_loops_cross, serial_bayou_crossing
D:2:      layout_loops_ring, lemuel_crystal_altar
D:3:      layout_basic, chequers_temple_overflow_statue_of_worship,
          nicolae_tso_carved_into_rock, first_ration
D:4:      layout_loops_corners, serial_shops, shop
D:5:      layout_loops_corners, serial_glass, glass_columns_a, glass_columns_a,
          serial_shops, shop, uniq_grinder, uniq_duvessa,
          uniq_crazy_yiuf_cottage
D:6:      layout_loops_ring, lemuel_coloured_pillars_altar,
          minmay_temple_entry_sparse_star, basic_altar
D:7:      minmay_chambers_of_sevens, layout_basic, ebering_ghost_reflecting_pool
D:8:      layout_basic, lemuel_crystal_altar, gammafunk_ghost_hydra_chop,
          grunt_livestock
D:9:      layout_layer_cave, serial_shops, shop
D:10:     layout_loops_ring, david_lair_generic, david_orc_3,
          gammafunk_ghost_nasty_kobolds, minmay_misc_feat_columns
Temple:   nicolae_temple_elliptical
Lair:1:   lemuel_ratsnest, layout_chaotic_city, ebering_ghost_disaster_area,
          uniq_fannar, uniq_gastronok, uniq_joseph

Skill      XL: |  1  2  3  4  5  6  7  8  9 10 11 |
---------------+----------------------------------+-----
Spellcasting   | 5 6 7 8 |  8.3
Invocations    | 1 2 3 4 5 6 7 |  7.2
Short Blades   | 1 2 3 4 5 6 |  6.5
Long Blades    | 1 2 3 4 5 6 |  6.5
Maces & Flails | 1 2 3 4 5 6 |  6.5
Polearms       | 1 2 3 4 5 6 |  6.5
Staves         | 1 2 3 4 5 6 |  6.5
Slings         | 1 2 3 4 5 6 |  6.5
Bows           | 1 2 3 4 5 6 |  6.5
Crossbows      | 1 2 3 4 5 6 |  6.5
Throwing       | 1 2 3 4 5 6 |  6.5
Stealth        | 1 2 3 4 5 6 |  6.5
Shields        | 1 2 3 4 5 6 |  6.5
Unarmed Combat | 1 2 3 4 5 6 |  6.5
Evocations     | 1 2 3 4 5 6 |  6.5
Conjurations   | 1 2 3 4 5 |  5.4
Hexes          | 1 2 3 4 5 |  5.4
Summonings     | 1 2 3 4 5 |  5.4
Necromancy     | 1 2 3 4 5 |  5.4
Translocations | 1 2 3 4 5 |  5.4
Transmutations | 1 2 3 4 5 |  5.4
Fire Magic     | 1 2 3 4 5 |  5.4
Ice Magic      | 1 2 3 4 5 |  5.4
Air Magic      | 1 2 3 4 5 |  5.4
Earth Magic    | 1 2 3 4 5 |  5.4
Poison Magic   | 1 2 3 4 5 |  5.4
Armour         | 3 4 5 6 7 |  7.1
Fighting       | 5 6 7 8 |  8.1
Axes           | 5 6 7 8 |  8.1
Dodging        | 5 6 7 8 |  8.1
Charms         | 6 7 |  7.8

Action                   |  1- 3 |  4- 6 |  7- 9 | 10-12 || total
-------------------------+-------+-------+-------+-------++-------
Melee: Hand axe          |    63 |       |       |       ||    63
       Bite              |    16 |    23 |    29 |    76 ||   144
       Dagger            |    64 |    43 |       |       ||   107
       Punch             |     1 |     2 |     5 |    16 ||    24
       War axe           |       |   144 |   291 |   433 ||   868
       Unarmed           |       |       |     4 |       ||     4
       Broad axe         |       |       |       |    26 ||    26
Throw: Dart              |       |     3 |     6 |    29 ||    38
       Javelin           |       |       |       |     7 ||     7
 Cast: Infusion          |     8 |    10 |    13 |    19 ||    50
       Song of Slaying   |     3 |     8 |    11 |    18 ||    40
       Shroud of Golubri |     1 |     7 |    12 |    20 ||    40
Invok: Heroism           |       |       |       |     9 ||     9
Evoke: Wand              |       |       |     7 |    19 ||    26
  Use: Scroll            |       |     2 |    10 |     5 ||    17
       Potion            |       |       |     8 |     6 ||    14
 Stab: Sleeping          |       |     2 |       |     2 ||     4
       Paralysed         |       |       |    10 |    11 ||    21
       Distracted        |       |       |       |     1 ||     1
       Invisible         |       |       |       |     2 ||     2
  Eat: Chunk             |     2 |     6 |     6 |    14 ||    28
       Ration            |       |     1 |     2 |     3 ||     6
Armor: Leather armour    |     9 |       |       |       ||     9
       Ring mail         |    27 |     8 |       |       ||    35
       Scale mail        |       |    53 |   128 |   188 ||   369
       Skin              |       |       |    32 |       ||    32
Dodge: Dodged            |    85 |   132 |   184 |   438 ||   839
